 Dungeon Crawl Stone Soup version 0.31-a0-355-g57cb03d3e8 (webtiles) character file.

Game seed: 5701125112676033218

23 bobarctor the Changeling (level 2, -2/21 HPs)
             Began as a Demonspawn Shapeshifter on July 24, 2023.
             Slain by an adder (4 damage)
             ... on level 2 of the Dungeon.
             The game lasted 00:02:44 (912 turns).

bobarctor the Changeling (Demonspawn Shapeshifter)   Turns: 912, Time: 00:02:44

Health: -2/21      AC:  2    Str: 15    XL:     2   Next: 72%
Magic:  2/2        EV: 12    Int:  9    God:
Gold:   65         SH:  0    Dex: 13    Spells: 1/1 levels left

rFire   . .          .
                       - Unarmed
rCold   . . .        (no shield)
rNeg    . . .        a - +0 animal skin
rPois   .            (helmet currently unavailable)
rElec   .            (cloak currently unavailable)
rCorr   .            (gloves currently unavailable)
SInv    .            (boots currently unavailable)
Will    .....        (no amulet)
Stlth   +            (no ring)
HPRegen 0.23/turn    (no ring)
MPRegen 0.08/turn

%: no passive effects
@: lethally poisoned (-2 -> -6), beast-form
A: beast (slay +2), demonic magic 1
a: Begin Untransformation


You were on level 2 of the Dungeon.
You were a hulking beast.
You visited 1 branch of the dungeon, and saw 2 of its levels.

You collected 65 gold pieces.

Inventory:

Armour
 a - a +0 animal skin (worn)
Talismans
 c - a beast talisman
Scrolls
 d - 3 scrolls of teleportation
 e - a scroll of amnesia {unknown}
 f - a scroll of immolation {unknown}
Potions
 b - a potion of lignification


   Skills:
 + Level 1.0 Fighting
 + Level 1.9 Dodging
 + Level 0.4 Stealth
 + Level 3.0 Unarmed Combat
 * Level 0.3 Spellcasting
 + Level 3.0 Shapeshifting


You had one spell level left.
You didn't know any spells.
Your spell library was empty.

Dungeon Overview and Level Annotations

Branches:
Dungeon (2/15)

Altars:


Innate Abilities, Weirdness & Mutations

You are a hulking beast.
Your limbs bulge with bestial killing power. (Slay +2)
Spells you cast may paralyse adjacent enemies.


Message History

The adder hisses angrily.
You hear an angry hiss.
As you read the scroll labelled ZONOBA CUMO, it crumbles to dust.
You feel strangely unstable.
It was a scroll of teleportation.
Your surroundings suddenly seem different.
Found a ring mail.
Found a stone staircase leading down.
Found a stone staircase leading up.
There is a stone staircase leading up here.
You see here 6 stones.
You now have 65 gold pieces (gained 10).
The adder hisses angrily.
Okay, then.
You barely miss the adder. The adder barely misses you. The adder bites you.
You are poisoned.
The adder poisons you!
You barely miss the adder.
You feel sick. The adder barely misses you.
You hit the adder.
The adder is moderately wounded.
You feel sick. The adder barely misses you.
You miss the adder. Your punch misses the adder.
The adder is moderately wounded.
You feel sick. The adder bites you but does no damage.
You miss the adder.
The adder is moderately wounded.
You feel sick. The adder bites you. x2
* * * LOW HITPOINT WARNING * * *
You are lethally poisoned!
The adder poisons you!
You hit the adder.
The adder is almost dead.
* * * LOW HITPOINT WARNING * * *
You feel sick. The adder misses you.
You hit the adder.
The adder is almost dead.
* * * LOW HITPOINT WARNING * * *
You feel sick. The adder closely misses you.
You miss the adder.
The adder is almost dead.
* * * LOW HITPOINT WARNING * * *
You feel sick. The adder bites you.
You die...

##...).....#
####....^....>#
#.(...........#
#.###.###.##### ##.#
#.# #.# #..#
#)###.#######
#.####.##.........
###.#........######
#..Sh.....##.....#
......#############.##
#.....# #..# ..##.#
##.# . ... #.# ..# #S#
.# #.# ... .....


You could see an adder.

Vanquished Creatures
  3 ball pythons (D:1)
  3 endoplasms (D:1)
  2 hobgoblins (D:1)
  3 quokkas (D:1)
  2 frilled lizards (D:1)
  6 goblins
  2 rats (D:1)
21 creatures vanquished.

Notes
Turn   | Place    | Note
-------+----------+-------------------------------------------
     0 | D:1      | bobarctor the Demonspawn Shapeshifter began the quest for
                  | the Orb.
     0 | D:1      | Reached XP level 1. HP: 15/15 MP: 1/1
   288 | D:1      | Gained mutation: Spells you cast may paralyse adjacent
                  | enemies. [demonic ancestry]
   288 | D:1      | Reached XP level 2. HP: 21/21 MP: 2/2
   912 | D:2      | Slain by an adder

Illustrated notes

Levels and vault maps discovered:
D:1:      lightli_arrival_farm, layout_basic
D:2:      layout_rooms, grunt_ministairs_8, minivault_19, minmay_pentomino_pile

Skill      XL: |  1  2 |
---------------+-------+-----
Shapeshifting  | 3 |  3.0
Unarmed Combat | 3 |  3.0
Fighting       | |  1.0
Dodging        | |  1.9
Stealth        | |  0.4
Spellcasting   | |  0.3

Action                     || total
---------------------------++-------
  Melee: Unarmed           ||    65
         Punch             ||     1
    Use: Scroll            ||     1
   Stab: Sleeping          ||     3
 Armour: Animal skin       ||     6
  Dodge: Dodged            ||    35

Table legend: (Time is in decaauts)
 A = Elapsed time spent in this place.
 B = Non-inter-level travel time spent in this place.
 C = Inter-level travel time spent in this place.
 D = Time resting spent in this place.
 E = Time spent auto-exploring this place.
 F = Levels seen in this place.
 G = Mean time per level.
                   A        B        C        D        E       F      G
               +--------+--------+--------+--------+--------+-----+--------+
         Total |    934 |    900 |     34 |     64 |    664 |   2 |  467.0 |
       Dungeon |    934 |    900 |     34 |     64 |    664 |   2 |  467.0 |
               +--------+--------+--------+--------+--------+-----+--------+

Top non-repeatable levels by time:
     D:1: 848 daAuts
     D:2: 86 daAuts
